[Event "17th Paracin Open 2024"]
[Site "Paracin"]
[Date "2024.07.04"]
[Round "2.10"]
[White "Bryakin, Mikhail"]
[Black "Devnani Kush"]
[Result "1-0"]
[ECO "D13"]
[WhiteElo "2469"]
[BlackElo "2250"]
[Annotator "TA"]
[PlyCount "93"]
[EventDate "2024.07.02"]
[EventType "swiss"]
[EventCountry "SRB"]
[SourceTitle "playchess.com"]
[Source "ChessBase"]
[SourceQuality "1"]
[TimeControl "5400+30"]

1. d4 d5 2. c4 c6 3. cxd5 cxd5 4. Bf4 Nf6 5. Nc3 Nc6 6. e3 a6 7. Be2 Bf5 8. Nf3 e6 9. Qb3 Nh5 10. Qxb7 Na5 11. Qc7 {[%emt 0:00:12] The position is equal.} Nxf4 12. Qxd8+ Rxd8 13. exf4 Rb8 14. O-O-O Bb4 (14... Bd6 {is more complex.} 15. Ne5 f6 16. g4 Be4) 15. Nh4 {[%emt 0:02:12] And now Nxf5 would win.} Bxc3 16. bxc3 {[%emt 0:01:32][%cal Oh4f5] Threatens to win with Nxf5!} Rb1+ 17. Kd2 Rb2+ 18. Ke3 {[%emt 0:01:19] Hoping for Nxf5.} O-O (18... Rxa2 $2 19. Ra1 (19. Bxa6 Nb3 $16) 19... Rxa1 20. Rxa1 Nc4+ 21. Bxc4 dxc4 22. Rxa6 $18) 19. Rd2 $36 {[%emt 0:07:21][%mdl 2048] White has strong initiative.} ({But not} 19. Bxa6 $6 Ra8 (19... Rxa2 $2 {too greedy.} 20. Ra1 $18) 20. Be2 Rc8 (20... Rxa2 21. Nxf5 exf5 22. Bd3 $11) 21. Nxf5 Rxc3+ 22. Rd3 Nc4+ 23. Kf3 Nd2+ 24. Ke3 Nc4+ 25. Kf3 Nd2+ 26. Kg3 Ne4+ (26... exf5 $2 27. Rxc3 Ne4+ 28. Kf3 $18) 27. Kh4 (27. Kf3 Rcc2 $11) 27... exf5 (27... Rxe2 28. Rxc3 Nxc3 29. Rc1 $11) 28. Rxc3 Nxc3 $11) (19. Nxf5 exf5 20. Rhe1 (20. Bxa6 Ra8 $11) 20... Rc8 $11) 19... Rb6 20. Nxf5 exf5 21. Rc2 Rc8 22. Rhc1 Rbc6 (22... g6 $16 {was worth a try.}) 23. Bd3 ({White should play} 23. Kd3 $18) 23... g6 $16 24. Kd2 Rb8 {[%emt 0:03:48] Prevents Rb2} 25. g3 Kf8 26. Re1 f6 27. h3 Kf7 28. g4 fxg4 {[%emt 0:00:43] White stays focused until the end.} (28... Nc4+ $14 29. Bxc4 dxc4) 29. hxg4 Rb7 30. f5 g5 31. Rec1 Kg7 $2 {[%emt 0:00:24] [#]} (31... Rd6 32. c4 dxc4 33. Bxc4+ Kg7) 32. c4 $1 $18 Nxc4+ 33. Bxc4 dxc4 34. Rxc4 Rxc4 35. Rxc4 {[%emt 0:32:18][%mdl 4096] Endgame. KR-KR} h5 $2 (35... Rb5 36. Rc7+ Kh8) 36. gxh5 Rb5 37. Rc5 {[%emt 0:00:00] Rxb5 would kill now.} Rb2+ 38. Rc2 Rb5 39. Ke3 Rxf5 40. Rd2 {[%emt 0:00:00] aiming for d5.} g4 $2 (40... Kf7 41. Ke4 Rf4+ 42. Kd5 Rh4) 41. h6+ Kf7 (41... Kxh6 $142 42. d5 Re5+ 43. Kf4 Kg6) 42. h7 Rh5 43. Rc2 Kg6 {[%emt 0:00:43] [#]} 44. Rc7 $1 Rh1 45. d5 {[%emt 0:00:00][%cal Bd4d5,Bd5d6,Bd6d7][%mdl 32] White mates.} Kf5 46. d6 Ke6 47. d7 {[%emt 0:00:00] Weighted Error Value: White=0.16 (very precise) /Black=0.51.  Mistake:       	White=1     	Black=6      Inaccurate:     	White=1     	Black=2      OK:         	White=13    	Black=10     Best:        	White=4     	Black=2      Strong:       	White=1     	---} 1-0

[Event "17th Paracin Open 2024"]
[Site "Paracin"]
[Date "2024.07.04"]
[Round "2.11"]
[White "Atalik, Suat"]
[Black "Doraszelski, Alexander"]
[Result "1-0"]
[ECO "D31"]
[WhiteElo "2450"]
[BlackElo "2116"]
[Annotator "TA"]
[PlyCount "65"]
[EventDate "2024.07.02"]
[EventType "swiss"]
[EventCountry "SRB"]
[SourceTitle "playchess.com"]
[Source "ChessBase"]
[SourceQuality "1"]
[TimeControl "5400+30"]

1. d4 d5 2. c4 e6 3. Nf3 a6 4. cxd5 exd5 5. Nc3 c6 6. Qb3 Be7 7. Bf4 (7. e4 $14) 7... Nf6 $11 8. e3 {[%emt 0:00:06] White has an edge.} O-O 9. Bxb8 Rxb8 10. Bxa6 Bg4 {[%emt 0:06:18] White must now prevent ...Bxf3.} 11. Be2 (11. Bxb7 $2 {is the wrong capture.} Bxf3 12. gxf3 Qc7 $19) 11... Bd6 12. Qc2 Qe7 13. h3 Bd7 14. Bd3 Rbe8 15. Rd1 Kh8 16. a3 b5 {[%emt 0:08:23] [#]} (16... g6 $11 {keeps the balance.}) 17. O-O $1 $16 Bb8 18. b4 (18. Rfe1 $16) 18... Ne4 (18... g5 $14) 19. Bxe4 dxe4 {[%emt 0:00:07] [#]} 20. Ne5 f5 21. f4 {[%emt 0:02:26] White is much more active.} (21. Ne2 $16) 21... exf3 $14 22. Rxf3 Bxe5 23. dxe5 Rd8 (23... Rf7 $14) 24. e4 $16 f4 {[%emt 0:04:32] [#]} (24... Qxe5 $16 {keeps fighting.} 25. exf5 g6) 25. Rd6 $1 $18 Be8 26. Qd2 Bh5 (26... Ra8 $142) 27. Rxf4 Rc8 $2 (27... Rfe8 28. Qd4 Kg8) 28. Rxf8+ Rxf8 29. e6 Qf6 30. Nd1 (30. Rxc6 $142 Be8 31. Ra6) 30... Bxd1 $2 (30... Kg8 31. Qe1 (31. Rxc6 Qf1+ 32. Kh2 Qxd1 $16) 31... h6 32. Rxc6 Qd4+ 33. Nf2 Be8) 31. Qxd1 {[%emt 0:00:37] White is clearly winning.} h6 32. Rxc6 Qh4 33. Rc2 {[%emt 0:03:43] Weighted Error Value: White=0.40/Black=0.56.  Mistake:       	White=4     	Black=7      Inaccurate:     	White=1     	Black=2      OK:         	White=5     	Black=5      Best:        	White=3     	Black=1      Strong:       	White=2     	---        Brilliant:      	White=1     	---} 1-0

[Event "17th Paracin Open 2024"]
[Site "Paracin"]
[Date "2024.07.04"]
[Round "2.12"]
[White "Pranav K P"]
[Black "Akbas, Umut Ata"]
[Result "1/2-1/2"]
[ECO "E21"]
[WhiteElo "2223"]
[BlackElo "2437"]
[Annotator "TA"]
[PlyCount "152"]
[EventDate "2024.07.02"]
[EventType "swiss"]
[EventCountry "SRB"]
[SourceTitle "playchess.com"]
[Source "ChessBase"]
[SourceQuality "1"]
[TimeControl "5400+30"]

1. d4 Nf6 2. c4 e6 3. Nc3 Bb4 4. e3 O-O 5. Bd2 b6 6. Nf3 Bb7 7. Bd3 d6 8. O-O Nbd7 9. b3 e5 10. Ne1 exd4 11. exd4 d5 12. Nc2 dxc4 13. bxc4 Ba5 14. Ne3 Re8 15. Re1 Nf8 16. Ne2 Bxd2 17. Qxd2 Ne4 18. Bxe4 Rxe4 19. Rad1 Qg5 20. Ng3 Ree8 21. Qe2 Ne6 22. Qg4 Qxg4 23. Nxg4 Ba6 24. Ne3 Rad8 25. d5 Nc5 26. Ngf5 Na4 27. Nd4 Nb2 28. Rb1 Nxc4 29. Nc6 Ra8 30. Rbc1 Nxe3 31. Rxe3 g6 32. Ne7+ Kf8 33. Rxc7 Bb5 34. h4 Red8 35. h5 Rd7 36. Rxd7 Bxd7 37. d6 Rd8 38. h6 {[%emt 0:01:07] [#]} (38. hxg6 $11 {keeps the balance.} hxg6 39. Rd3) 38... Bb5 $1 $17 39. Rb3 Bc4 40. Rc3 b5 (40... Rxd6 41. Nxg6+ Rxg6 42. Rxc4) ({Black should try} 40... Bxa2 $17 41. Rc7 Be6 (41... Rxd6 42. Nc8 $17)) 41. Ra3 $1 $15 Rxd6 42. Rxa7 Be6 (42... Re6 $5 43. Nc8 $8 g5 $15) 43. Ng8 Bd7 ({Weaker is} 43... Rd1+ 44. Kh2 Rd8 45. Nf6 $18) (43... Bd5 $5 44. Rc7 Bc6 $11 (44... Kxg8 45. Rc8+)) 44. Nf6 Rxf6 45. Rxd7 Ra6 46. Rb7 Rxa2 47. Rxb5 Ra4 48. Rb8+ Ke7 49. Rh8 Kf6 50. Rxh7 Ra8 51. Rg7 Rh8 52. g3 $1 Ke7 (52... Rxh6 $5 53. Rg8 $8 Rh5 $11) 53. h7 $1 Kf6 54. Rg8 Rxh7 55. Kg2 Rh5 56. Ra8 Rb5 57. Ra7 Rb2 58. Kf3 g5 59. g4 Rb3+ 60. Kg2 Ke6 61. f3 f6 62. Kg3 Rb6 63. Ra3 Rb5 64. f4 Kd5 65. fxg5 fxg5 66. Rf3 Ke4 67. Rf5 Rxf5 68. gxf5 Kxf5 69. Kf3 g4+ 70. Kg3 Kg5 71. Kg2 Kf4 72. Kf2 g3+ 73. Kg2 Kg4 74. Kg1 Kf3 75. Kf1 g2+ 76. Kg1 Kg3 1/2-1/2

[Event "17th Paracin Open 2024"]
[Site "Paracin"]
[Date "2024.07.04"]
[Round "2.13"]
[White "Averin, Nikolay"]
[Black "Radovanovic, Nikola"]
[Result "1-0"]
[ECO "B90"]
[WhiteElo "2250"]
[BlackElo "2441"]
[Annotator "TA"]
[PlyCount "59"]
[EventDate "2024.07.02"]
[EventType "swiss"]
[EventCountry "SRB"]
[SourceTitle "playchess.com"]
[Source "ChessBase"]
[SourceQuality "1"]
[TimeControl "5400+30"]

1. e4 c5 2. Nf3 d6 3. d4 cxd4 4. Nxd4 Nf6 5. Nc3 a6 6. Be3 e5 7. Nb3 Be7 8. f3 Be6 9. Qd2 h5 10. a4 Nbd7 11. Be2 Nb6 12. a5 {[%emt 0:00:01] The position is equal.} Nc4 13. Bxc4 Bxc4 14. Na4 Nd7 15. Nb6 Nxb6 16. axb6 Be6 (16... Bh4+ $11 17. g3 Be7) 17. Na5 $14 Qd7 18. O-O O-O 19. c4 f5 20. Rfd1 {[%emt 0:00:00] White is much more active.} ({White should try} 20. b4 $14) 20... f4 (20... fxe4 $11 21. fxe4 h4) 21. Bf2 $16 Rfd8 22. b4 Bf6 $2 {[%emt 0:00:00] Black cannot hold the game after this.} (22... g5 $16 {was worth a try.} 23. c5 g4) 23. c5 $18 d5 {[%emt 0:00:00] [#]} 24. exd5 Bxd5 {[%emt 0:00:00] [#]} 25. Qxd5+ Qxd5 26. Rxd5 Rxd5 27. Nxb7 Rd7 $2 (27... Rd2 28. Rc1 e4 29. fxe4 Bb2) 28. c6 {[%emt 0:00:00] White is clearly winning.} Rxb7 29. cxb7 Rb8 30. Rc1 {[%emt 0:00:00] Weighted Error Value: White=0.08 (flawless) /Black=0.40.  Loses game:     	---       	Black=1      Mistake:       	White=1     	Black=3      OK:         	White=6     	Black=7      Best:        	White=4     	---} 1-0

[Event "17th Paracin Open 2024"]
[Site "Paracin"]
[Date "2024.07.04"]
[Round "2.14"]
[White "Ben Ari, Yannay"]
[Black "Jiang, Qinyu"]
[Result "1-0"]
[ECO "D50"]
[WhiteElo "2443"]
[BlackElo "2246"]
[Annotator "TA"]
[PlyCount "59"]
[EventDate "2024.07.02"]
[EventType "swiss"]
[EventCountry "SRB"]
[SourceTitle "playchess.com"]
[Source "ChessBase"]
[SourceQuality "1"]
[TimeControl "5400+30"]

1. c4 e6 2. Nc3 d5 3. d4 Nf6 4. Bg5 dxc4 5. e3 c5 6. Bxf6 Qxf6 7. d5 g6 8. Bxc4 {[%emt 0:03:36] The position is equal.} Bg7 9. Nge2 O-O 10. O-O Nd7 11. dxe6 fxe6 12. Nf4 Nb6 13. Bb3 ({White should try} 13. Be2 $14) 13... c4 $11 14. Bc2 Rd8 15. Qf3 e5 16. Ne4 Qe7 (16... Qf5 $5 17. Ne2 $8 Qxf3 18. gxf3 Nd5 $18) 17. Ne2 Nd5 18. Rad1 Rf8 19. Qg3 Nb4 20. Bb1 Bf5 21. N2c3 {[%emt 0:00:00] Excellent horsemanship.} Rad8 22. Qf3 a6 23. Qe2 b5 24. a4 Nd3 25. axb5 axb5 26. b3 Qb4 (26... b4 $1 $14 27. bxc4 bxc3 28. Bxd3 (28. Rxd3 Bxe4 29. Rxd8 Rxd8 $11) 28... Qb7) 27. bxc4 $16 bxc4 {[%emt 0:00:00] [#]} 28. Rd2 (28. Ba2 $1 $16 Kh8 29. Rb1) 28... Bc8 (28... Kh8 $14) 29. Ba2 Ba6 $2 30. Rxd3 {[%emt 0:00:00] Weighted Error Value: White=0.09 (flawless) /Black=0.40.  Loses game:     	---       	Black=1      Mistake:       	White=2     	Black=2      Inaccurate:     	---       	Black=1      OK:         	White=14    	Black=7      Best:        	White=2     	Black=3} 1-0

[Event "17th Paracin Open 2024"]
[Site "Paracin"]
[Date "2024.07.04"]
[Round "2.15"]
[White "Yalcinkaya, Efe"]
[Black "Wang, Yanbin"]
[Result "0-1"]
[ECO "B12"]
[WhiteElo "2070"]
[BlackElo "2423"]
[Annotator "RC"]
[PlyCount "106"]
[EventDate "2024.07.02"]
[EventType "swiss"]
[EventCountry "SRB"]
[SourceTitle "playchess.com"]
[Source "ChessBase"]
[SourceQuality "1"]
[TimeControl "5400+30"]

1. e4 c6 2. d4 d5 3. e5 Bf5 4. h4 h5 5. Bd3 Bxd3 6. Qxd3 Qa5+ 7. Nd2 e6 8. Ngf3 Nh6 9. O-O Nf5 10. Nb3 Qa6 11. Qd1 b6 12. Bg5 c5 13. dxc5 bxc5 14. Nbd2 Nc6 15. b3 Be7 16. c4 Rd8 17. Bxe7 Ncxe7 18. Qc1 O-O 19. cxd5 Rxd5 20. Ne4 Ng6 21. Qg5 Qd3 22. Rfe1 Nd4 23. Nxd4 Rxe5 24. Rad1 Qxd4 25. Rxd4 Rxg5 26. Rc4 Re5 27. Rxc5 Rxc5 28. Nxc5 Rc8 29. Ne4 Nxh4 30. Rd1 Rc7 31. Rd8+ Kh7 32. Nd6 Ng6 33. Ra8 Ne5 34. Nb5 Rc5 35. a4 Ng4 36. g3 Rc1+ 37. Kg2 Rc2 38. Rxa7 Rxf2+ 39. Kg1 f5 40. Nc7 Rf3 41. Kg2 Re3 42. Ne8 Kh6 43. Rxg7 e5 44. Rf7 Rd3 45. a5 e4 46. a6 Rd2+ 47. Kg1 e3 48. a7 Ra2 49. Re7 h4 50. gxh4 f4 51. Re4 Rxa7 52. Rxf4 e2 53. Re4 Ra1+ 0-1

[Event "17th Paracin Open 2024"]
[Site "Paracin"]
[Date "2024.07.04"]
[Round "2.16"]
[White "Sedlak, Nikola"]
[Black "Zhukov, Anton"]
[Result "1/2-1/2"]
[ECO "E97"]
[WhiteElo "2426"]
[BlackElo "2237"]
[Annotator "TA"]
[PlyCount "51"]
[EventDate "2024.07.02"]
[EventType "swiss"]
[EventCountry "SRB"]
[SourceTitle "playchess.com"]
[Source "ChessBase"]
[SourceQuality "1"]
[TimeControl "5400+30"]

1. Nf3 Nf6 2. c4 g6 3. Nc3 Bg7 4. e4 d6 5. d4 O-O 6. Be2 e5 7. O-O Nc6 8. d5 Ne7 9. Kh1 Ne8 10. Ng1 f5 11. f4 exf4 12. Bxf4 {[%emt 0:00:26] White is slightly better.} h6 13. exf5 Nxf5 14. Bd3 (14. h3 $14) 14... Nf6 $1 $11 15. g4 Ne7 16. g5 Nh5 17. Bd2 Rxf1 (17... Nf5 {with more complications.} 18. gxh6 Be5 19. Nf3 Nhg3+) 18. Bxf1 Nf5 19. Nf3 Qf8 20. Bg2 Bd7 {[%emt 0:01:36] Repels Qa4} 21. Qb3 (21. gxh6 $11 Bxh6 22. Qc1) 21... b6 ({Black should play} 21... Re8 $17 {Hoping for ...hxg5.} 22. Qc2 hxg5 23. Nxg5 Be5) 22. Re1 Re8 23. Qd1 hxg5 24. Bxg5 Bh6 25. Rxe8 Qxe8 26. Bxh6 {[%emt 0:01:34] Weighted Error Value: White=0.16 (very precise) /Black=0.13 (very precise) .  Mistake:       	White=2     	Black=1      Inaccurate:     	White=2     	Black=1      OK:         	White=6     	Black=6      Strong:       	---       	Black=1} 1/2-1/2

[Event "17th Paracin Open 2024"]
[Site "Paracin"]
[Date "2024.07.04"]
[Round "2.17"]
[White "Agibileg, Uurtsaikh"]
[Black "Xu, Junwei"]
[Result "0-1"]
[ECO "E41"]
[WhiteElo "2441"]
[BlackElo "2138"]
[Annotator "TA"]
[PlyCount "94"]
[EventDate "2024.07.02"]
[EventType "swiss"]
[EventCountry "SRB"]
[SourceTitle "playchess.com"]
[Source "ChessBase"]
[SourceQuality "1"]
[TimeControl "5400+30"]

1. d4 Nf6 2. c4 e6 3. Nc3 Bb4 4. e3 O-O 5. Bd3 c5 6. Nge2 d5 7. cxd5 cxd4 8. exd4 exd5 9. O-O Nc6 10. Bg5 Be6 11. Re1 h6 12. Bh4 Rc8 {[%emt 0:07:45] White has an edge.} 13. Rc1 Bxc3 14. bxc3 g5 {[%emt 0:01:40] Against Nf4} 15. Bg3 Na5 16. Be5 Nc4 17. Bb1 Na3 18. Qd3 (18. Ng3 $14) 18... Nxb1 $11 19. Rxb1 b6 20. Ng3 Ne4 21. Nxe4 dxe4 22. Qxe4 ({Reject} 22. Rxe4 Bf5 23. f3 Re8 $17) 22... Rxc3 23. Qe2 (23. h4 {seems wilder.} Bd5 24. Qf5 Rc6 25. Rec1) 23... Rc6 24. Qh5 Bxa2 25. Ra1 Qd5 26. Re3 Kh7 27. h4 ({White should play} 27. Qe2 $11) 27... Rg6 (27... gxh4 $1 $15 28. Qxh4 Rg8 29. Qe4+ Qxe4 30. Rxe4 Bd5) 28. Rg3 $1 f6 29. Qe2 {[%emt 0:02:01][%cal Oe2c2] Qc2! is the strong threat.} fxe5 30. Rxa2 exd4 {[%emt 0:02:17] [#]} 31. Qd3 $2 {[%emt 0:05:18][%mdl 8192] This costs White the game.} Qxa2 $19 32. h5 Qxf2+ 33. Kh2 {[%emt 0:00:07] [#]} Rff6 $1 34. hxg6+ {[%emt 0:01:06][%mdl 4096] Endgame. KQR-KQR} (34. Qe4 Qf4) 34... Kg7 35. Qa6 Qf4 {[%emt 0:00:28] ...h5 would now be deadly.} 36. Qxa7+ Kxg6 37. Qd7 {[%emt 0:00:13] Prevents Re6} h5 {[%emt 0:03:08] ( -> ...h4)} 38. Qe8+ Kh7 39. Qe7+ Rf7 40. Qxg5 {[%emt 0:00:18] Black mates.} Qxg5 41. Rxg5 {[%emt 0:00:05] [#] KR-KR} Rd7 $1 42. Rxh5+ Kg6 43. Rb5 {[%emt 0:00:30] [#]} d3 $1 44. Rxb6+ Kg5 45. Rb1 d2 46. Rd1 Kf4 47. g4 Kf3 {[%emt 0:00:07] Weighted Error Value: White=0.60/Black=0.28 (precise) .  Loses game:     	White=1     	---        Mistake:       	White=2     	Black=1      Inaccurate:     	White=2     	Black=3      OK:         	White=7     	Black=7      Best:        	---       	Black=4      Strong:       	White=1     	---} ({Not} 47... Kxg4 48. Kg2 $11) 0-1

[Event "17th Paracin Open 2024"]
[Site "Paracin"]
[Date "2024.07.04"]
[Round "2.18"]
[White "Eren, Ataberk"]
[Black "Ashvath Mittal"]
[Result "1-0"]
[ECO "D12"]
[WhiteElo "2407"]
[BlackElo "1986"]
[Annotator "TA"]
[PlyCount "75"]
[EventDate "2024.07.02"]
[EventType "swiss"]
[EventCountry "SRB"]
[SourceTitle "playchess.com"]
[Source "ChessBase"]
[SourceQuality "1"]
[TimeControl "5400+30"]

1. Nf3 d5 2. c4 c6 3. e3 Nf6 4. Nc3 Bf5 5. cxd5 Nxd5 6. d4 e6 7. Bc4 Nd7 8. O-O N7f6 9. Ne5 Bb4 {[%emt 0:09:31] White is slightly better.} 10. Bd2 {[%emt 0:04:49] Black must now prevent Nxd5.} Bxc3 (10... Bd6 $14) 11. bxc3 $16 Ne4 12. Be1 (12. f3 $16 Nxd2 13. Qxd2) 12... O-O (12... f6 $14 13. Nd3 a5) 13. Qb3 f6 14. Nf3 b5 15. Be2 g5 {[%emt 0:01:10] Prevents Nh4.} 16. Rc1 Qd6 {[%emt 0:03:48] [#]} 17. Nd2 $1 Nb6 18. f3 Nxd2 19. Bxd2 Bg6 20. Rfd1 Bf7 21. Bd3 h6 22. Be1 e5 23. Qb1 Qe6 24. dxe5 (24. Bf5 {simplifies} Qxa2 25. dxe5 Qxb1 26. Rxb1 Rae8 27. Rd6) 24... Qxa2 (24... Qxe5 $11 {remains equal.} 25. Be4 Qe6) 25. Bh7+ ({Don't take} 25. exf6 $6 Qxb1 26. Rxb1 (26. Bxb1 Nc4 $14) 26... a5 $11) 25... Kh8 {[%emt 0:00:18] [#]} 26. Rd6 $1 Qxb1 27. Bxb1 Be8 28. exf6 {[%emt 0:01:20][%cal Of6f7] aiming for f7! White is more active.} ({Don't play} 28. Rxf6 Rxf6 29. exf6 Nc4) 28... Nc4 29. Re6 $36 {[%emt 0:00:34][%mdl 2048] White is really pushing.} Rd8 (29... a5 $16) 30. Bf2 $18 Bd7 (30... Na3 $142 31. e4 Nxb1) 31. Re7 Rxf6 32. Rd1 Rd6 33. Rxd6 Nxd6 34. e4 {[%emt 0:00:36] Dodges Nf5} Nc8 (34... Kg8 35. Ba2+ (35. Bxa7 Nc4 $18) 35... Nc4 36. Bxc4+ (36. Bxa7 Be8 $18) 36... bxc4 37. Bxa7 Be8) 35. Bd4+ {[%emt 0:00:09] White is clearly winning.} Kg8 36. Ba2+ Kf8 37. Rf7+ Ke8 38. Bc5 {[%emt 0:00:37] Weighted Error Value: White=0.11 (very precise) /Black=0.25 (precise) .  Mistake:       	White=1     	Black=6      Inaccurate:     	White=5     	Black=2      OK:         	White=9     	Black=8      Best:        	White=3     	Black=1      Strong:       	White=2     	---} 1-0

[Event "17th Paracin Open 2024"]
[Site "Paracin"]
[Date "2024.07.04"]
[Round "2.19"]
[White "Pasti, Aron"]
[Black "Vasilkov, Nikolay"]
[Result "0-1"]
[ECO "B83"]
[WhiteElo "2402"]
[BlackElo "2071"]
[Annotator "TA"]
[PlyCount "58"]
[EventDate "2024.07.02"]
[EventType "swiss"]
[EventCountry "SRB"]
[SourceTitle "playchess.com"]
[Source "ChessBase"]
[SourceQuality "1"]
[TimeControl "5400+30"]

1. e4 c5 2. Nf3 e6 3. d4 cxd4 4. Nxd4 Nf6 5. Nc3 Nc6 6. a3 Be7 7. Be2 O-O 8. O-O d6 9. Be3 Qc7 10. f3 a6 11. Qe1 Nxd4 {[%emt 0:00:30] The position is equal.} 12. Bxd4 e5 13. Be3 Be6 14. f4 exf4 15. Rxf4 d5 16. exd5 Nxd5 17. Nxd5 Bxd5 18. Bd3 (18. Rd4 $15 Bc6 19. Bd3) 18... Rae8 (18... Rfe8 $19 {Strongly threatening ...Bc5.} 19. Be4 Bd6) 19. Qg3 (19. Rd4 $1 $15 Bc5 20. Qh4) 19... Bd6 $36 {[%emt 0:00:30][%mdl 2048] [#] ...Rxe3 is the strong threat. Black is really pushing.} 20. Bxh7+ $2 {[%emt 0:00:30][%mdl 8192] This costs White the game.} Kxh7 $19 21. Rh4+ Kg8 22. Qh3 f6 (22... Qxc2 23. Rh8#) (22... Bxh2+ 23. Kh1 f6 24. Bb6 Bxg2+ (24... Qxb6 25. Rh8+ Kf7 26. Qd7+ Kg6 27. Qg4+ Kf7 28. Qd7+ Kg6 29. Qg4+ Kf7 30. Qd7+ $11) 25. Qxg2 Qxb6 26. Rxh2 $19) 23. Rh8+ Kf7 24. Qh5+ Ke6 25. Rxf8 Rxf8 26. Re1 {[%emt 0:00:30] [#] Bb6+ would now be deadly.} Be5 (26... Qxc2 27. Bf4+ Be4 28. Qg6 Qc5+ 29. Kh1 Bxf4 30. Qxe4+ Be5 31. Qxb7 $19) 27. Bd4 {[%emt 0:00:30] Black has a decisive advantage.} Qf7 ({Weaker is} 27... Qxc2 28. Rxe5+ fxe5 29. Qxe5+ Kd7 30. Qxd5+ Kc7 31. Qe5+ (31. Bxg7 $2 {is a self mate.} Qf2+ 32. Kh1 Qf1#) 31... Kc6 32. Qe6+ (32. Qxg7 $2 Qd1#) 32... Kb5 33. Qb6+ (33. Bxg7 $2 Qf2+ 34. Kh1 Qf1#) 33... Kc4 34. Qb4+ (34. Bxg7 $2 Qd1#) 34... Kd5 35. Qxb7+ (35. Qxf8 Qd1+ 36. Kf2 Qxd4+ 37. Kf3 Qxb2 $11) 35... Qc6 36. Qxc6+ (36. Qxg7 $2 Qc1#) 36... Kxc6 37. Bxg7 $16) 28. Qg4+ Kd6 29. Rd1 Kc7 {[%emt 0:00:30] Weighted Error Value: White=0.48/Black=0.18 (very precise) .  Loses game:     	White=1     	---        Mistake:       	White=2     	Black=1      Inaccurate:     	White=1     	Black=1      OK:         	White=7     	Black=5      Best:        	---       	Black=1} 0-1

[Event "17th Paracin Open 2024"]
[Site "Paracin"]
[Date "2024.07.04"]
[Round "2.20"]
[White "Tippa, Aswath Srisai"]
[Black "Unsal, Gorkem"]
[Result "1-0"]
[ECO "B01"]
[WhiteElo "1647"]
[BlackElo "1969"]
[Annotator "NA RC"]
[PlyCount "85"]
[EventDate "2024.07.02"]
[EventType "swiss"]
[EventCountry "SRB"]
[SourceTitle "playchess.com"]
[Source "ChessBase"]
[SourceQuality "1"]
[TimeControl "5400+30"]

1. e4 d5 2. exd5 Qxd5 3. Nc3 Qa5 4. d4 Nf6 5. Nf3 c6 6. Bc4 Bf5 7. Ne5 e6 8. g4 Bg6 9. h4 Nbd7 10. Nxd7 Nxd7 11. h5 Be4 12. O-O Bd5 13. Nxd5 cxd5 14. Bd3 Bd6 15. Qf3 h6 16. a4 Rc8 17. Kg2 Bb8 18. Be3 Qd8 19. b3 Qh4 20. Rh1 Qf6 21. c4 Qxf3+ 22. Kxf3 Nf6 23. c5 e5 24. dxe5 Bxe5 25. Rac1 O-O 26. b4 Rfe8 27. Rhd1 d4 28. Bd2 Nd5 29. Be4 Rcd8 30. Re1 f6 31. b5 Re7 32. Ba5 b6 33. Bxd5+ Rxd5 34. cxb6 axb6 35. Bxb6 Rb7 36. Rc6 Rbd7 37. Rd1 Kf7 38. Rd3 g6 39. hxg6+ Kxg6 40. Bc5 Bd6 41. Bxd6 R5xd6 42. Rxd6 Rxd6 43. Ke4 1-0